 Dungeon Crawl Stone Soup version 0.25.1-2-g60ff931df9 (webtiles) character file.

Game seed: 13495245738711271192

1104 DearestLeader the Destroyer (level 8, -8/57 HPs)
             Began as a Black Draconian Conjurer on Oct 26, 2020.
             Engulfed by a cloud of freezing vapour (29 damage)
             ... on level 5 of the Dungeon.
             The game lasted 00:12:59 (6411 turns).

DearestLeader the Destroyer (DrCj)                  Turns: 6411, Time: 00:13:00

Health: -8/57      AC:  7    Str: 11    XL:     8   Next: 11%
Magic:  7/11       EV: 12    Int: 17    God:
Gold:   122        SH:  0    Dex: 12    Spells: 4/11 levels left

rFire    . . .     SeeInvis .   o - staff of conjuration
rCold    . . .     Gourm    .   (no shield)
rNeg     . . .     Faith    .   (armour unavailable)
rPois    .         Spirit   .   (helmet restricted)
rElec    +         Reflect  .   (no cloak)
rCorr    .         Harm     .   (no gloves)
MR       .....                  r - +0 pair of boots
Stlth    ++........             (no amulet)
HPRegen  0.19/turn              (no ring)
MPRegen  0.12/turn              (no ring)

@: slowed, very slow
A: breathe lightning, unfitting armour, electricity resistance, cold-blooded, AC
+6
a: Breathe Lightning


You were on level 5 of the Dungeon.
You were not hungry.

You visited 1 branch of the dungeon, and saw 5 of its levels.

You collected 122 gold pieces.

Inventory:

Hand Weapons
 u - a +0 short sword of draining
 v - a +2 scythe of venom
Armour
 c - a +0 buckler
 r - a +0 pair of boots (worn)
Magical Staves
 o - an uncursed staff of conjuration (weapon)
Jewellery
 e - an uncursed amulet of faith
Wands
 d - a wand of polymorph (16)
 q - a wand of flame (16)
Scrolls
 g - 2 scrolls of amnesia {unknown}
 i - 2 scrolls of enchant weapon {unknown}
 j - 2 scrolls of magic mapping {unknown}
 l - a scroll of remove curse {unknown}
 m - a scroll of fog {unknown}
 p - a scroll of teleportation {unknown}
 t - a scroll of identify {unknown}
 w - a scroll of enchant armour {unknown}
Potions
 a - a potion of mutation {unknown}
 f - a potion of heal wounds {unknown}
 h - a potion of flight {unknown}
 k - a potion of stabbing {unknown}
 n - 5 potions of curing {unknown}
 s - a potion of brilliance {unknown}
Comestibles
 b - 3 rations


   Skills:
 - Level 1.7 Dodging
 - Level 1.7 Stealth
 - Level 2.0 Spellcasting
 * Level 9.7 Conjurations
 + Level 3.1 Hexes


You had 4 spell levels left.
You knew the following spells:

 Your Spells              Type           Power        Failure   Level  Hunger
a - Magic Dart            Conj           ####         1%          1    #......
b - Searing Ray           Conj           ######       1%          2    ###....
c - Fulminant Prism       Conj/Hex       #####.....   14%         4    #####..

Your spell library contained the following spells:

 Spells                   Type           Power        Failure   Level  Hunger
 Dazzling Flash           Conj/Hex       #####.       4%          3    ###....
 Iskenderun's Mystic Bla  Conj/Tloc      ####....     26%         4    #####..


Dungeon Overview and Level Annotations

Branches:
Dungeon (5/15)
 Temple: D:4-7

Altars:
Hepliaklqana
Makhleb
Wu Jian
Zin

Annotations:
D:2 1 runed translucent door, Crazy Yiuf
D:3 Edmund


Innate Abilities, Weirdness & Mutations

You can breathe wild blasts of lightning.
Your glossy black scales are hard. (AC +6)
You cannot fit into any form of body armour.
You are resistant to electric shocks. (rElec)
You are cold-blooded and may be slowed by cold attacks.


Message History

Ijyb is moderately wounded. (Press . to maintain the ray.)
An orc comes into view.
Ijyb zaps a wand.
Ijyb creates a blast of freezing vapour!
The searing ray hits Ijyb!
Ijyb is almost dead.
The searing ray hits the orc!
You kill the orc!
You are engulfed in freezing vapours.
The orc shouts!
The searing ray hits Ijyb!
You kill Ijyb!
The searing ray hits the orc!
You kill the orc!
You are engulfed in freezing vapours.
You feel yourself slow down.
You are engulfed in freezing vapours.
You feel as though you will be slow longer.
Ouch! That really hurt!
You die...

# ######## <......#
.#####.##############.#
.# ##.........§@§§[[.# .#
#.....####.########
.####.##..####.####
......<(..##..#...#######
.####.##.###.#.##........
......##....>..##########
.###########.#.# .# #.#.#
.# #.#..


There were no monsters in sight!

Vanquished Creatures
  Grinder (D:5)
  Sigmund (D:4)
  A sky beast (D:4)
  An ogre (D:4)
  A howler monkey (D:4)
  2 hounds
  2 orc priests (D:4)
  5 orc wizards
  2 iguanas (D:4)
  Ijyb (D:5)
  Terence (D:3)
  2 worker ants (D:4)
  A worker ant zombie (D:5)
  5 adders
  A worm (D:5)
  3 dart slugs
  3 leopard geckos
  13 orcs
  4 bats
  2 giant cockroaches
  6 goblins
  5 hobgoblins
  6 jackals (D:1)
  A quokka (D:4)
  3 frilled lizards
  A jackal skeleton (D:4)
  4 kobolds
  2 quokka skeletons
  5 rats (D:1)
85 creatures vanquished.

Notes
Turn   | Place    | Note
-------+----------+-------------------------------------------
     0 | D:1      | DearestLeader the Draconian Conjurer began the quest for
                  | the Orb.
     0 | D:1      | Reached XP level 1. HP: 14/14 MP: 3/3
   440 | D:1      | Reached XP level 2. HP: 12/20 MP: 0/5
  1093 | D:1      | Learned a level 2 spell: Searing Ray
  1284 | D:2      | Reached skill level 5 in Conjurations
  1284 | D:2      | Reached XP level 3. HP: 26/26 MP: 1/6
  1349 | D:2      | Found a runed translucent door.
  1350 | D:2      | Noticed Crazy Yiuf
  2178 | D:2      | Reached XP level 4. HP: 33/33 MP: 1/7
  2468 | D:3      | Found a burning altar of Makhleb.
  2469 | D:3      | Noticed Terence
  2819 | D:3      | Killed Terence
  2931 | D:3      | Reached skill level 6 in Conjurations
  3225 | D:3      | Found a glowing silver altar of Zin.
  3225 | D:3      | Found a faded altar of an unknown god.
  3230 | D:3      | Found a faded altar of an unknown god.
  3232 | D:3      | Found a hazy altar of Hepliaklqana.
  3233 | D:3      | Found an ornate altar of the Wu Jian Council.
  3518 | D:4      | Reached XP level 5. HP: 38/38 MP: 2/8
  3929 | D:4      | Noticed an ogre
  4089 | D:4      | Reached skill level 7 in Conjurations
  4145 | D:4      | Reached XP level 6. HP: 45/45 MP: 6/9
  4151 | D:4      | Learned a level 4 spell: Fulminant Prism
  4238 | D:4      | Noticed Edmund
  4807 | D:4      | Reached skill level 8 in Conjurations
  5183 | D:4      | Noticed Sigmund
  5186 | D:4      | Killed Sigmund
  5186 | D:4      | Reached skill level 1 in Hexes
  5186 | D:4      | Your scales start taking on a glossy black colour.
  5186 | D:4      | Reached XP level 7. HP: 50/50 MP: 6/10
  5186 | D:4      | Gained mutation: You are resistant to electric shocks.
                  | (rElec) [Black Draconian growth]
  6149 | D:5      | Entered Level 5 of the Dungeon
  6168 | D:5      | Noticed Grinder
  6173 | D:5      | Reached skill level 9 in Conjurations
  6175 | D:5      | Killed Grinder
  6198 | D:4      | Reached XP level 8. HP: 50/57 MP: 2/11
  6404 | D:5      | Noticed Ijyb
  6410 | D:5      | Killed Ijyb
  6411 | D:5      | Engulfed by a cloud of freezing vapour

Illustrated notes

Levels and vault maps discovered:
D:1:      elethiomel_arrival_infinity_welcomes_careful_drivers,
          layout_loops_corners
D:2:      layout_basic, lemuel_old_faithful, uniq_crazy_yiuf_cottage
D:3:      layout_rooms, lemuel_crystal_altar,
          chequers_temple_overflow_minitemple, uniq_terence
D:4:      layout_layer_cave, sigmund_edmund_badplayer
D:5:      layout_loops_ring, marbit_many_paths, first_ration,
          makhleb_heckhound_becter, uniq_edmund, uniq_pikel, uniq_grinder,
          uniq_ijyb

Skill      XL: |  1  2  3  4  5  6  7 |
---------------+----------------------+-----
Conjurations   | 5 6 7 8 9 |  9.7
Hexes          | 1 3 |  3.1
Dodging        | |  1.7
Stealth        | |  1.7
Spellcasting   | |  2.0

Action                   |  1- 3 |  4- 6 |  7- 9 || total
-------------------------+-------+-------+-------++-------
Melee: Dagger            |    51 |       |       ||    51
       Tailslap          |     2 |     3 |     1 ||     6
       Staff             |       |    40 |    16 ||    56
 Cast: Magic Dart        |    60 |    56 |    17 ||   133
       Searing Ray       |       |    13 |    10 ||    23
 Stab: Sleeping          |     1 |       |       ||     1
  Eat: Chunk             |     4 |     9 |     4 ||    17
       Ration            |       |     1 |       ||     1
Armor: Skin              |    16 |    24 |    11 ||    51
Dodge: Dodged            |    49 |    57 |    17 ||   123
